 Dungeon Crawl Stone Soup version 0.31-a0-1447-g87ca8d402b (webtiles) character file.

Game seed: 13737604973315525581

2932 tsouns the Grappler (level 9, -11/96 HPs)
             Began as an Oni Shapeshifter on Dec 27, 2023.
             Was a Believer of Makhleb.
             Mangled by a komodo dragon (25 damage)
             ... on level 8 of the Dungeon.
             The game lasted 00:12:19 (7473 turns).

tsouns the Grappler (Oni Shapeshifter)              Turns: 7473, Time: 00:12:20

Health: -11/96     AC:  3    Str: 24    XL:     9   Next: 80%
Magic:  13/13      EV: 10    Int: 11    God:    Makhleb [**....]
Gold:   188        SH:  0    Dex: 14    Spells: 5/8 levels left

rFire   . .          .
                       - Unarmed
rCold   . . .        (no shield)
rNeg    . . .        a - +0 animal skin
rPois   .            (helmet currently unavailable)
rElec   .            (cloak currently unavailable)
rCorr   .            (gloves unavailable)
SInv    .            (boots unavailable)
Will    .....        (no amulet)
Stlth   +            m - +6 ring of dexterity
HPRegen 0.36/turn    j - ring of flight
MPRegen 0.13/turn

%: no passive effects
@: beast-form, flying
A: beast (slay +3), large, unfitting armour, horns 1, tough skin 1, double
potion healing, drunken brawling
a: Begin Untransformation, Renounce Religion, Minor Destruction


You were on level 8 of the Dungeon.
You worshipped Makhleb.
Makhleb was pleased with you.
You were a hulking beast.
You visited 1 branch of the dungeon, and saw 8 of its levels.

You collected 300 gold pieces.
You spent 112 gold pieces at shops.

Inventory:

Hand Weapons
 e - a +2 scythe of venom
Missiles
 g - a throwing net
 w - 3 javelins
Armour
 a - a +0 animal skin (worn)
 p - a +1 hat
Jewellery
 j - a ring of flight (right hand)
 m - a +6 ring of dexterity (left hand)
 t - a ring of willpower
 z - an amulet of faith
Talismans
 c - a beast talisman
 d - a flux talisman
Wands
 l - a wand of iceblast (12)
 o - a wand of mindburst (8)
Scrolls
 q - a scroll of enchant weapon
 s - a scroll of torment {unknown}
 u - a scroll of silence {unknown}
 v - a scroll of blinking {unknown}
 x - 2 scrolls of identify
 y - a scroll of immolation
Potions
 b - 2 potions of lignification
 f - 2 potions of attraction
 h - a potion of magic
 i - 2 potions of enlightenment
 k - a potion of ambrosia
 n - a potion of curing
 r - a potion of brilliance


   Skills:
 + Level 8.0 Fighting
 - Level 1.7 Dodging
 * Level 8.4 Unarmed Combat
 + Level 6.0 Invocations
 + Level 6.3 Shapeshifting


You had 5 spell levels left.
You knew the following spells:

 Your Spells              Type           Power      Damage    Failure   Level
a - Summon Ice Beast      Ice/Summ       0%         N/A       71%         3

Your spell library contained the following spells:

 Spells                   Type           Power      Damage    Failure   Level
 Apportation              Tloc           0%         N/A       34%         1
 Necrotise                Necr           0%         1d4       34%         1
 Sandblast                Erth           0%         2d4       34%         1
 Sting                    Conj/Alch      0%         1d3       34%         1
 Summon Small Mammal      Summ           0%         N/A       34%         1
 Passwall                 Erth           0%         N/A       71%         3
 Stone Arrow              Conj/Erth      0%         3d7       71%         3
 Brom's Barrelling Bould  Conj/Erth      0%         2d3       98%         4
 Metabolic Englaciation   Hex/Ice        0%         N/A       100%        5
 Yara's Violent Unravell  Hex/Alch       0%         3d3       100%        5


Dungeon Overview and Level Annotations

Branches:
Dungeon (8/15)             Temple (0/1) D:7
   Lair: D:8-11

Altars:
Ashenzari
Makhleb
Trog
Uskayaw
Vehumet
Yredelemnul

Shops:
D:5 !

Annotations:
D:4 1 runed translucent door, Gnu's ghost, amateur OnAE
D:6 1 runed translucent door


Innate Abilities, Weirdness & Mutations

You are a hulking beast.
Your limbs bulge with bestial killing power. (Slay +3)
You are too large for most types of armour.
You have a pair of small horns on your head.
You have tough skin. (AC +1)
You gain doubled healing and magic from potions.
Whenever you drink a healing potion, you attack all around you.


Message History

You are too injured to fight recklessly!
You are too injured to fight recklessly!
You are too injured to fight recklessly!
You are too injured to fight recklessly!
You are too injured to fight recklessly!
You are too injured to fight recklessly!
You are too injured to fight recklessly!
You are too injured to fight recklessly!
You are too injured to fight recklessly!
You are too injured to fight recklessly!
You are too injured to fight recklessly!
You are too injured to fight recklessly!
You are too injured to fight recklessly!
You are too injured to fight recklessly!
You hit the komodo dragon but do no damage.
You punch the komodo dragon.
The komodo dragon is severely wounded.
The komodo dragon closely misses you.
You hit the komodo dragon but do no damage.
You headbutt the komodo dragon.
The komodo dragon is severely wounded.
The komodo dragon closely misses you.
You hit the komodo dragon.
You headbutt the komodo dragon, but do no damage.
The komodo dragon is severely wounded.
You hit the komodo dragon but do no damage.
You headbutt the komodo dragon.
The komodo dragon is almost dead.
The komodo dragon bites you!
* * * LOW HITPOINT WARNING * * *
You hit the komodo dragon.
The komodo dragon is almost dead.
The komodo dragon bites you!!
* * * LOW HITPOINT WARNING * * *
You take a swig of the potion and flex your muscles.
You barely miss the komodo dragon.
You headbutt the komodo dragon, but do no damage.
The komodo dragon is almost dead.
You savour every drop.
You feel better. The komodo dragon bites you!!
You die...

.............
............#
##..........##
#............# # ##
..........###.#.<.
#.......##.#.....
#....##.........
##.#.<..###l.......
#........#h........
.......#.............
.......#.............
.....#....>..........
....##...............
....#......#.........
.....................
...)..............
###.............


You could see a komodo dragon.

Vanquished Creatures
  Sigmund (D:2)
  4 water moccasins
  An ice beast (D:7)
  2 black bears (D:5)
  An ogre (D:5)
  3 sky beasts (D:7)
  A centaur (D:5)
  2 phantoms (D:4)
  3 bullfrogs
  3 scorpions
  4 bombardier beetles
  7 hounds
  4 jellies
  2 orc priests
  Ijyb (D:3)
  Terence (D:2)
  A gnoll bouda (D:4)
  7 iguanas
  A sleepcap (D:6)
  2 orc wizards
  8 gnolls
  6 adders
  2 shadow imps
  4 white imps
  A dart slug (D:1)
  17 orcs
  11 bats
  3 endoplasms
  6 giant cockroaches
  6 goblins
  6 hobgoblins
  7 jackals
  7 quokkas
  7 ball pythons
  2 frilled lizards
  A goblin skeleton (D:6)
  A jackal zombie (D:6)
  6 kobolds
  5 rats
157 creatures vanquished.

Vanquished Creatures (collateral kills)
  A bat (D:3)
1 creature vanquished.

Grand Total: 158 creatures vanquished

Notes
Turn   | Place    | Note
-------+----------+-------------------------------------------
     0 | D:1      | tsouns the Oni Shapeshifter began the quest for the Orb.
     0 | D:1      | Reached XP level 1. HP: 19/19 MP: 1/1
    71 | D:1      | Reached XP level 2. HP: 28/28 MP: 2/2
   237 | D:1      | Reached XP level 3. HP: 35/35 MP: 3/3
   246 | D:1      | You fall into a shaft and drop 1 floor!
   615 | D:2      | Noticed Sigmund
   659 | D:2      | Noticed Terence
   672 | D:2      | Killed Terence
   673 | D:2      | Reached XP level 4. HP: 29/44 MP: 4/4
   875 | D:2      | Got Tiumuuqo's Compendium of Crystallized Execration
   900 | D:2      | Learned a level 3 spell: Summon Ice Beast
   984 | D:2      | Killed Sigmund
   985 | D:2      | Reached XP level 5. HP: 45/54 MP: 5/5
   985 | D:2      | Reached XP level 6. HP: 51/62 MP: 6/6
  1945 | D:3      | Found a burning altar of Makhleb.
  1945 | D:3      | Found a hide-covered altar of Uskayaw.
  1947 | D:3      | Found a bloodstained altar of Trog.
  1954 | D:3      | Became a worshipper of Makhleb the Destroyer
  1979 | D:3      | Noticed Ijyb
  1991 | D:3      | Killed Ijyb
  2088 | D:3      | Found a radiant altar of Vehumet.
  2519 | D:4      | Found a runed translucent door.
  2639 | D:4      | Identified the +6 spear of Zeboluint {antimagic, Will+
                  | Dex+3}
  2677 | D:4      | Reached skill level 5 in Unarmed Combat
  2677 | D:4      | Reached skill level 1 in Invocations
  2692 | D:4      | Reached XP level 7. HP: 43/71 MP: 8/8
  2772 | D:4      | Reached * piety under Makhleb
  3289 | D:4      | Noticed Gnu's ghost (amateur OnAE)
  3326 | D:5      | Entered Level 5 of the Dungeon
  3450 | D:5      | Reached skill level 5 in Fighting
  3616 | D:4      | Reached XP level 8. HP: 16/81 MP: 10/10
  4240 | D:5      | Reached skill level 5 in Shapeshifting
  4438 | D:5      | Found a broken altar of Ashenzari.
  4599 | D:5      | Reached ** piety under Makhleb
  4964 | D:5      | Found Leost's Distillery.
  4969 | D:5      | Bought a potion of curing for 42 gold pieces
  4969 | D:5      | Bought a potion of degeneration for 14 gold pieces
  4969 | D:5      | Bought a potion of brilliance for 56 gold pieces
  5040 | D:5      | Reached XP level 9. HP: 88/92 MP: 12/12
  5419 | D:6      | Found a runed translucent door.
  5424 | D:6      | Found a basalt altar of Yredelemnul.
  5431 | D:6      | Reached skill level 5 in Invocations
  6558 | D:7      | Found a staircase to the Ecumenical Temple.
  7463 | D:8      | Noticed a komodo dragon
  7471 | D:8      | HP: 2/96 [komodo dragon (24)]
  7473 | D:8      | Mangled by a komodo dragon

Illustrated notes

Levels and vault maps discovered:
D:1:      minmay_arrival_radiant_lines, layout_rooms, minmay_tree_intersection,
          minmay_misc_feat_rows
D:2:      layout_basic, uniq_terence, uniq_sigmund
D:3:      layout_basic, nicolae_overflow_quartered_altars, serial_glass,
          glass_columns_a, glass_columns_a, feat_on_display,
          minmay_strange_pillars, minmay_misc_feat_pillars,
          nicolae_twisty_statue_hallways, uniq_ijyb
D:4:      layout_basic, ebering_ghost_inner_flame
D:5:      layout_cave_pools, old_standard_altar, serial_park,
          serial_park_square3 [serial_park_minivault_5x5_1], serial_park_square3
          [serial_park_minivault_5x5_8], serial_park_tiny_pond, serial_shops,
          kennysheep_mini, roderic_batcave, grunt_decor_one_mirror,
          minmay_misc_feat_tower
D:6:      layout_basic, dk_yredelemnul_ordeal, minmay_between
D:7:      layout_basic, temple_fountains, grunt_ministairs_14, interstate_on_off
D:8:      layout_cave_pools, uniq_amaemon, uniq_joseph

Skill      XL: |  1  2  3  4  5  6  7  8  9 |
---------------+----------------------------+-----
Unarmed Combat | 3 4 5 6 7 8 |  8.4
Fighting       | 2 3 4 5 6 8 |  8.0
Shapeshifting  | 4 5 6 |  6.3
Invocations    | 1 3 4 6 |  6.0
Dodging        | |  1.7

Action                     |  1- 3 |  4- 6 |  7- 9 || total
---------------------------+-------+-------+-------++-------
  Melee: Unarmed           |    86 |    90 |   266 ||   442
         Headbutt          |    14 |    17 |    56 ||    87
         Punch             |     1 |     4 |    15 ||    20
    Use: Scroll            |       |     7 |     3 ||    10
         Potion            |       |     1 |     4 ||     5
   Stab: Sleeping          |       |       |     3 ||     3
 Armour: Animal skin       |    55 |    45 |   201 ||   301
         Skin              |       |       |    14 ||    14
  Dodge: Dodged            |    39 |    22 |   136 ||   197

Table legend: (Time is in decaauts)
 A = Elapsed time spent in this place.
 B = Non-inter-level travel time spent in this place.
 C = Inter-level travel time spent in this place.
 D = Time resting spent in this place.
 E = Time spent auto-exploring this place.
 F = Levels seen in this place.
 G = Mean time per level.
                   A        B        C        D        E       F      G
               +--------+--------+--------+--------+--------+-----+--------+
         Total |   7420 |   7200 |    220 |    442 |   5654 |   8 |  927.5 |
       Dungeon |   7420 |   7200 |    220 |    442 |   5654 |   8 |  927.5 |
               +--------+--------+--------+--------+--------+-----+--------+

Top non-repeatable levels by time:
     D:4: 1587 daAuts
     D:5: 1229 daAuts
     D:6: 1192 daAuts
     D:3: 1131 daAuts
     D:7: 943 daAuts
     D:2: 775 daAuts
     D:1: 546 daAuts
     D:8: 15 daAuts
